 Dungeon Crawl Stone Soup version 0.25-a0-690-g234afa5 (webtiles) character file.

Game seed: 7837547071568968310, levelgen mode: deterministic

6460 robertstho the Fighter (level 10, -2/82 HPs)
             Began as a Demonspawn Berserker on Mar 30, 2020.
             Was a High Priest of Trog.
             Slain by an orc warrior
             ... wielding a +0 hand axe
              (7 damage)
             ... on level 11 of the Dungeon.
             The game lasted 00:17:02 (7392 turns).

robertstho the Fighter (Demonspawn Berserker)       Turns: 7392, Time: 00:17:03

Health: -2/82      AC: 15    Str: 20    XL:     10   Next: 67%
Magic:  10/10      EV:  4    Int: 10    God:    Trog [*****.]
Gold:   587        SH: 15    Dex: 16    Spells: 9/9 levels left

rFire    . . .     SeeInvis .   k - +2 short sword (venom)
rCold    . . .     Gourm    .   v - +0 tower shield
rNeg     . . .     Faith    .   x - +0 plate armour
rPois    .         Spirit   .   (no helmet)
rElec    .         Reflect  .   u - +0 cloak
rCorr    .         Harm     .   (no gloves)
MR       .....                  (no boots)
Stlth    ..........             (no amulet)
HPRegen  0.23/turn              A - ring of stealth
MPRegen  0.12/turn              (no ring)

@: about to teleport, berserk cooldown, slowed, very slow
A: thin skeletal structure 2, spiny 1
a: Berserk, Trog's Hand, Brothers in Arms, Renounce Religion


You were on level 11 of the Dungeon.
You worshipped Trog.
Trog was extremely pleased with you.
You were not hungry.

You visited 1 branch of the dungeon, and saw 10 of its levels.

You collected 587 gold pieces.

Inventory:

Hand Weapons
 a - a +0 spear
 k - a +2 short sword of venom (weapon)
 z - a +2 vorpal glaive
Armour
 u - a +0 cloak (worn)
 v - a +0 tower shield (worn)
 x - a +0 plate armour (worn)
Jewellery
 A - a ring of stealth (left hand)
 G - an uncursed amulet of harm {unknown}
 H - a cursed -2 ring of protection {unknown}
 I - a +3 ring of slaying
Wands
 y - a wand of enslavement (11)
 C - a wand of disintegration (7)
 D - a wand of clouds (5)
 E - a wand of digging (4)
Scrolls
 d - 9 scrolls of remove curse {unknown}
 g - 3 scrolls of random uselessness {unknown}
 h - 3 scrolls of magic mapping {unknown}
 j - 12 scrolls of identify {unknown}
 l - a scroll of blinking {unknown}
 p - a scroll of fog {unknown}
 q - 3 scrolls of enchant armour {unknown}
 t - 5 scrolls of teleportation
 w - a scroll of amnesia {unknown}
Potions
 b - 3 potions of heal wounds {unknown}
 e - 3 potions of ambrosia {unknown}
 f - 6 potions of curing {unknown}
 i - 2 potions of brilliance {unknown}
 m - 2 potions of might
 n - 2 potions of berserk rage {unknown}
 o - 2 potions of flight {unknown}
 r - a potion of lignification {unknown}
 s - a potion of cancellation {unknown}
 B - a potion of mutation {unknown}
 J - a potion of degeneration {unknown}
Comestibles
 c - 14 rations


   Skills:
 * Level 8.5 Fighting
 + Level 7.8 Short Blades
 + Level 3.3 Polearms
 * Level 8.2 Armour
 + Level 3.1 Dodging
 + Level 2.1 Stealth
 + Level 5.3 Shields


You had 9 spell levels left.
You didn't know any spells.
Your spell library was empty.

Dungeon Overview and Level Annotations

Branches:
Dungeon (11/15)            Temple (0/1) D:4            Lair (0/6) D:9
    Orc (0/2) D:11

Altars:
Dithmenos
Fedhas
Gozag
Trog
Yredelemnul


Innate Abilities, Weirdness & Mutations

You have a moderately thin skeletal structure. (Dex +4, Stealth+)
You are partially covered in sharp spines.


Message History

Things that are here:
a +0 club; a gnoll corpse; a big kobold corpse You kill the gnoll!
Trog accepts your kill.
The gnoll sergeant hits you from afar with a +0 trident.
* * * LOW HITPOINT WARNING * * *
Okay, then.
You eat one of the 15 rations.
That ration really hit the spot!
The orc warrior is struck by your spines.
The orc warrior hits you with a +0 hand axe.
* * * LOW HITPOINT WARNING * * *
You block the gnoll sergeant's attack. You block the orc warrior's attack.
The gnoll sergeant hits you but does no damage.
Unknown command.
Okay, then.
As you read the scroll labeled JEGHITHR XOADYN, it crumbles to dust.
You feel strangely unstable.
It was a scroll of teleportation.
The orc warrior is struck by your spines.
The orc warrior hits you with a +0 hand axe!
You die...

#..####### #..#8...8#
#..#.....# #..#.oo[.#
########..#T.go.#
..........#8()K8#
.)........###g###...
...........@oo.......
..........#######....
...................#.
...................#
...................#
...................#
...................#.
...........).).......
............)........


You could see 2 orc warriors, a big kobold and a gnoll sergeant.

Vanquished Creatures
  A two-headed ogre (D:8)
  3 centaur zombies (D:10)
  A troll (D:9)
  Prince Ribbit (D:8)
  A hippogriff (D:8)
  A wyvern (D:8)
  2 porcupines (D:9)
  4 orc warriors
  7 black bears
  2 phantoms (D:8)
  4 ogres
  5 centaurs
  2 crocodiles (D:9)
  5 big kobolds
  2 bullfrogs
  3 scorpions
  6 wights
  6 howler monkeys
  2 bullfrog zombies (D:8)
  A crimson imp (D:5)
  A quasit (D:10)
  3 hounds
  7 jellies
  7 orc priests
  5 orc wizards
  4 bullfrog skeletons
  2 iguanas
  2 worker ants
  A killer bee zombie (D:8)
  2 hound zombies (D:6)
  7 gnolls
  11 adders
  8 oozes
  An adder zombie (D:5)
  A worm (D:2)
  2 dart slugs
  6 leopard geckos
  27 orcs
  7 giant cockroaches
  14 goblins
  14 hobgoblins
  4 jackals
  3 quokkas
  5 ball pythons
  7 bats
  3 frilled lizards (D:2)
  A jackal zombie (D:6)
  18 kobolds
  6 rats
238 creatures vanquished.

Vanquished Creatures (others)
  10 fungi (D:9)
10 creatures vanquished.

Grand Total: 248 creatures vanquished

Notes
Turn   | Place    | Note
-------+----------+-------------------------------------------
     0 | D:1      | robertstho the Demonspawn Berserker began the quest for the
                  | Orb.
     0 | D:1      | Reached XP level 1. HP: 18/18 MP: 1/1
   184 | D:1      | Gained mutation: You are partially covered in sharp spines.
                  | [demonic ancestry]
   184 | D:1      | Reached XP level 2. HP: 23/24 MP: 2/2
   995 | D:2      | Reached XP level 3. HP: 28/29 MP: 3/3
  1246 | D:2      | Reached ** piety under Trog
  1413 | D:2      | Reached XP level 4. HP: 35/37 MP: 4/4
  1636 | D:2      | Reached skill level 1 in Stealth
  1667 | D:2      | Reached skill level 1 in Short Blades
  2078 | D:3      | Reached XP level 5. HP: 42/42 MP: 5/5
  2335 | D:3      | Reached *** piety under Trog
  2885 | D:4      | Gained mutation: You have a somewhat thin skeletal
                  | structure. (Dex +2, Stealth) [demonic ancestry]
  2885 | D:4      | Reached XP level 6. HP: 36/48 MP: 6/6
  3031 | D:4      | Found a staircase to the Ecumenical Temple,
  3528 | D:5      | Entered Level 5 of the Dungeon
  3531 | D:5      | Found a basalt altar of Yredelemnul,
  3551 | D:5      | Found a blossoming altar of Fedhas,
  3946 | D:5      | Found a shadowy altar of Dithmenos,
  4022 | D:6      | Reached XP level 7. HP: 55/55 MP: 7/7
  4168 | D:6      | You fall into a shaft and drop 3 floors!
  4183 | D:9      | Reached **** piety under Trog
  4183 | D:9      | Reached skill level 5 in Fighting
  4201 | D:9      | Gained mutation: You have a moderately thin skeletal
                  | structure. (Dex +4, Stealth+) [demonic ancestry]
  4201 | D:9      | Reached XP level 8. HP: 38/62 MP: 8/8
  4315 | D:9      | Reached skill level 1 in Shields
  4322 | D:9      | Reached skill level 5 in Armour
  4399 | D:8      | Noticed a hippogriff
  4414 | D:8      | Reached skill level 5 in Short Blades
  4423 | D:8      | Killed a hippogriff
  4469 | D:8      | Noticed a two-headed ogre
  4493 | D:8      | Killed a two-headed ogre
  4494 | D:8      | Reached XP level 9. HP: 35/71 MP: 9/9
  4853 | D:8      | Found an opulent altar of Gozag,
  4895 | D:8      | Noticed Prince Ribbit
  4911 | D:8      | Killed Prince Ribbit
  5885 | D:9      | Reached ***** piety under Trog
  5885 | D:9      | Received a gift from Trog
  5901 | D:9      | Reached XP level 10. HP: 72/79 MP: 10/10
  6162 | D:9      | Found a bloodstained altar of Trog,
  6226 | D:9      | Found a staircase to the Lair,
  6591 | D:10     | Entered Level 10 of the Dungeon
  6943 | D:10     | Reached skill level 5 in Shields
  7353 | D:11     | Found a staircase to the Orcish Mines,
  7385 | D:11     | Received a gift from Trog
  7391 | D:11     | HP: 4/82 [orc warrior/+0 hand axe (6)]
  7392 | D:11     | Slain by an orc warrior

Levels and vault maps discovered:
D:1:      lightli_arrival_quake, layout_basic, st_stairs_7
D:2:      layout_basic, minmay_snake_closets
D:3:      layout_basic
D:4:      layout_basic, minmay_temple_entry_statues_pillars, first_ration,
          kennysheep_generic_room_15
D:5:      layout_basic, nicolae_dithmenos_the_darkroom,
          overflow_temple_1_default, basic_altar
D:6:      layout_cave_pools
D:8:      layout_loops_ring, lemuel_doored_altar,
          hangedman_little_slice_of_home, uniq_prince_ribbit1
D:9:      layout_long_grid, due_lair_maze_entry_diamond, trog_ov_bears_minmay
D:10:     layout_roguey, minmay_misc_feat_four_crosses, minmay_misc_feat_doors
D:11:     layout_small_grid, kennysheep_orc_monster_closet_entryway,
          special_room [special_room_kobold], serial_shops, kennysheep_mini,
          minivault_4, chequers_decorated_corner

Skill      XL: |  1  2  3  4  5  6  7  8  9 10 |
---------------+-------------------------------+-----
Armour         | 2 3 4 6 7 8 |  8.2
Polearms       | 3 |  3.3
Dodging        | 2 3 |  3.1
Stealth        | 1 2 |  2.1
Short Blades   | 1 2 3 4 5 6 7 |  7.8
Fighting       | 4 5 6 7 8 |  8.5
Shields        | 3 4 5 |  5.3

Action                   |  1- 3 |  4- 6 |  7- 9 | 10-12 || total
-------------------------+-------+-------+-------+-------++-------
Melee: Spear             |    60 |       |       |       ||    60
       Short sword       |    37 |   144 |   251 |   242 ||   674
Invok: Berserk           |     1 |     3 |     6 |     1 ||    11
       Trog's Hand       |     1 |       |     1 |       ||     2
  Use: Scroll            |       |       |       |     1 ||     1
 Stab: Sleeping          |     2 |     3 |       |       ||     5
  Eat: Chunk             |     3 |     8 |     8 |     1 ||    20
       Ration            |       |     1 |     1 |     2 ||     4
Armor: Animal skin       |    13 |    13 |       |       ||    26
       Ring mail         |       |    13 |       |       ||    13
       Chain mail        |       |    25 |       |       ||    25
       Plate armour      |       |       |   122 |   119 ||   241
Dodge: Dodged            |    53 |    61 |    18 |    32 ||   164
Block: Tower shield      |       |     6 |   171 |   186 ||   363

Table legend:
 A = Non-vault XP
 B = Vault XP
 C = Vault XP percentage of total XP
 D = Non-vault monster count
 E = Vault monster count
 F = Vault count percentage of total count
                 A         B        C        D         E       F
            +---------+---------+-------+---------+---------+-------
      Total |    6855 |    2374 |  25.7 |     200 |      38 |  16.0
            +---------+---------+-------+---------+---------+-------
        D:1 |      36 |       0 |   0.0 |      16 |       0 |   0.0
        D:2 |      58 |     100 |  63.3 |      26 |      11 |  29.7
        D:3 |     183 |       0 |   0.0 |      42 |       0 |   0.0
        D:4 |     195 |       0 |   0.0 |      10 |       0 |   0.0
        D:5 |     124 |       0 |   0.0 |       4 |       0 |   0.0
        D:6 |     373 |       0 |   0.0 |       6 |       0 |   0.0
        D:8 |    2578 |     448 |  14.8 |      28 |       9 |  24.3
        D:9 |    1664 |    1115 |  40.1 |      39 |       9 |  18.8
       D:10 |    1424 |       0 |   0.0 |      25 |       0 |   0.0
       D:11 |     220 |     711 |  76.4 |       4 |       9 |  69.2
            +---------+---------+-------+---------+---------+-------
